ESL (28 & UNDER)
RIO GRANDE RATTLESNAKE @ BUTLER WHITE SOX
08/13/2029
 
TOP OF THE 1ST
Rio Grande Rattlesnake batting - Pitching for Butler White Sox : LHP Jason Dean
Pitching: LHP Jason Dean
Batting: RHB David Suarze 0-0: Foul Ball, location: 2F
0-1: Foul Ball, location: 2F
0-2: Ball
1-2: Ground out 6-3 (Groundball, 6)
Batting: LHB Justin Holland 0-0: Foul Ball, location: 2F
0-1: Ball
1-1: Ball
2-1: Ball
3-1: Swinging Strike
3-2: Foul Ball, location: 2F
3-2: Foul Ball, location: 2F
3-2: Strikes out looking
Batting: RHB Jaime Delgado 0-0: Foul Ball, location: 2F
0-1: Ball
1-1: Ball
2-1: Ball
3-1: Foul Ball, location: 2F
3-2: Reached via error on a dropped throw, E3
Batting: RHB Gary Thomas 0-0: Ball
Jaime Delgado steals 2nd base
1-0: Foul Ball, location: 2F
1-1: Hit by Pitch
Batting: RHB Alejandro Ramos 0-0: Ball
1-0: Foul Ball, location: 2F
1-1: Ball
2-1: Ball
3-1: Base on Balls
Jaime Delgado to third
Gary Thomas to second
Batting: LHB Pedro Díaz 0-0: Ground out 2-3 (Groundball, 2L)
Top of the 1st over - 0 runs, 0 hits, 1 error, 3 left on base; Rio Grande 0 - Butler 0
BOTTOM OF THE 1ST
Butler White Sox batting - Pitching for Rio Grande Rattlesnake : RHP Alejandro Guzmán
Pitching: RHP Alejandro Guzmán
Batting: RHB Luis Fuentes 0-0: Foul Ball, location: 2F
0-1: Called Strike
0-2: Ball
1-2: Ball
2-2: Fly out, F6 (Popup, 6MS)
Batting: RHB Jerry Moore 0-0: Called Strike
0-1: Foul Ball, location: 2F
0-2: Ball
1-2: Ball
2-2: Foul Ball, location: 2F
2-2: Ball
3-2: Ground out 3-1 (Groundball, 34)
Batting: SHB Ben Marks 0-0: Ball
1-0: Foul Ball, location: 2F
1-1: Ground out U3 (Groundball, 3L)
Bottom of the 1st over - 0 runs, 0 hits, 0 errors, 0 left on base; Rio Grande 0 - Butler 0
TOP OF THE 2ND
Rio Grande Rattlesnake batting - Pitching for Butler White Sox : LHP Jason Dean
Batting: RHB Matt Dickson 0-0: Foul Ball, location: 2F
0-1: Ball
1-1: Ball
2-1: Ball
3-1: Called Strike
3-2: Fly out, F7 (Flyball, 7LM)
Batting: SHB Jeremy Holmes 0-0: Ball
1-0: SINGLE (Groundball, 56D)
Batting: SHB Arnold Moore 0-0: Ball
1-0: Single, Error in OF, E7, batter to second base
Jeremy Holmes to third
Batting: RHB David Suarze 0-0: Foul Ball, location: 2F
0-1: Foul Ball, location: 2F
0-2: DOUBLE (Line Drive, 8LD)
Jeremy Holmes scores
Arnold Moore scores
Batting: LHB Justin Holland 0-0: Ball
1-0: Ball
2-0: SINGLE (Groundball, 34S) (infield hit)
David Suarze to third
Batting: RHB Jaime Delgado 0-0: Ball
1-0: Foul Ball, location: 2F
1-1: Swinging Strike
1-2: Fly out, F7 (Flyball, 7LMF)
Runner from 3rd tags up, SCORES, no throw
Batting: RHB Gary Thomas 0-0: Fly out, F7 (Flyball, 78M)
Top of the 2nd over - 3 runs, 4 hits, 1 error, 1 left on base; Rio Grande 3 - Butler 0
BOTTOM OF THE 2ND
Butler White Sox batting - Pitching for Rio Grande Rattlesnake : RHP Alejandro Guzmán
Batting: RHB Bobby Murdock 0-0: Ball
1-0: Foul Ball, location: 2F
1-1: Swinging Strike
1-2: Strikes out swinging
Batting: LHB Josh Pérez 0-0: Ball
1-0: Ball
2-0: Ball
3-0: Called Strike
3-1: Base on Balls
Batting: RHB Ángel Serrano 0-0: Ball
Josh Pérez is caught stealing 2nd base
1-0: Ball
2-0: Foul Ball, location: 2F
2-1: Ball
3-1: Foul Ball, location: 2F
3-2: Ground out 6-3 (Groundball, 6)
Bottom of the 2nd over - 0 runs, 0 hits, 0 errors, 0 left on base; Rio Grande 3 - Butler 0
TOP OF THE 3RD
Rio Grande Rattlesnake batting - Pitching for Butler White Sox : LHP Jason Dean
Batting: RHB Alejandro Ramos 0-0: DOUBLE (Line Drive, 78M)
Batting: LHB Pedro Díaz 0-0: SINGLE (Groundball, 4MD)
Alejandro Ramos to third
Batting: RHB Matt Dickson 0-0: Grounds into double play, 5-4-3 (Groundball, 5)
Alejandro Ramos scores
Batting: SHB Jeremy Holmes 0-0: Ball
1-0: SINGLE (Groundball, 56) (infield hit)
Batting: SHB Arnold Moore 0-0: Ball
1-0: Called Strike
1-1: Fly out, F3 (Popup, 3SF)
Top of the 3rd over - 1 run, 3 hits, 0 errors, 1 left on base; Rio Grande 4 - Butler 0
BOTTOM OF THE 3RD
Butler White Sox batting - Pitching for Rio Grande Rattlesnake : RHP Alejandro Guzmán
Batting: LHB Sam Haynes 0-0: Called Strike
0-1: Foul Ball, location: 2F
0-2: Ball
1-2: Foul Ball, location: 2F
1-2: Ball
2-2: Strikes out swinging
Batting: RHB José Darias 0-0: Foul Ball, location: 2F
0-1: SINGLE (Line Drive, 4D)
Batting: RHB Raúl Ruíz 0-0: Called Strike
0-1: Swinging Strike
0-2: Foul Ball, location: 2F
0-2: Strikes out swinging
Batting: RHB Luis Fuentes 0-0: Ball
1-0: Called Strike
1-1: Called Strike
1-2: Foul Ball, location: 2F
1-2: Ball
2-2: Foul Ball, location: 2F
2-2: SINGLE (Line Drive, 8RS)
José Darias to second
Batting: RHB Jerry Moore 0-0: Ball
1-0: Called Strike
1-1: Fly out, F9 (Flyball, 9S)
Bottom of the 3rd over - 0 runs, 2 hits, 0 errors, 2 left on base; Rio Grande 4 - Butler 0
TOP OF THE 4TH
Rio Grande Rattlesnake batting - Pitching for Butler White Sox : LHP Jason Dean
Batting: RHB David Suarze 0-0: Ball
1-0: Foul Ball, location: 2F
1-1: Ball
2-1: Ball
3-1: Called Strike
3-2: Foul Ball, location: 2F
3-2: Foul Ball, location: 2F
3-2: Strikes out swinging
Batting: LHB Justin Holland 0-0: Called Strike
0-1: Ball
1-1: Ground out 6-3 (Groundball, 6)
Batting: RHB Jaime Delgado 0-0: Ball
1-0: Called Strike
1-1: Swinging Strike
1-2: Ball
2-2: Ball
3-2: SINGLE (Flyball, 6MD)
Batting: RHB Gary Thomas 0-0: Ball
1-0: Ball
2-0: Ball
Jaime Delgado steals 2nd base
3-0: Foul Ball, location: 2F
3-1: Foul Ball, location: 2F
3-2: SINGLE (Line Drive, 4)
Jaime Delgado to third
Jaime Delgado scores
Batting: RHB Alejandro Ramos 0-0: Ball
1-0: Called Strike
1-1: Ground out 3-1 (Groundball, 34)
Top of the 4th over - 1 run, 2 hits, 0 errors, 1 left on base; Rio Grande 5 - Butler 0
BOTTOM OF THE 4TH
Butler White Sox batting - Pitching for Rio Grande Rattlesnake : RHP Alejandro Guzmán
Batting: SHB Ben Marks 0-0: Fly out, F9 (Line Drive, 9)
Batting: RHB Bobby Murdock 0-0: Ball
1-0: Ball
2-0: Called Strike
2-1: Ball
3-1: Base on Balls
Batting: LHB Josh Pérez 0-0: Foul Ball, location: 2F
0-1: Ball
1-1: Swinging Strike
1-2: Ball
2-2: Foul Ball, location: 2F
2-2: Foul Ball, location: 2F
2-2: Ball
3-2: Base on Balls
Bobby Murdock to second
Batting: RHB Ángel Serrano 0-0: Called Strike
0-1: Foul Ball, location: 2F
0-2: Ball
1-2: Ball
2-2: Foul Ball, location: 2F
2-2: Ground out 5-3 (Groundball, 56S)
Bobby Murdock to third
Josh Pérez to second
Batting: LHB Sam Haynes 0-0: Called Strike
0-1: Swinging Strike
0-2: Ball
1-2: Strikes out swinging
Bottom of the 4th over - 0 runs, 0 hits, 0 errors, 2 left on base; Rio Grande 5 - Butler 0
TOP OF THE 5TH
Rio Grande Rattlesnake batting - Pitching for Butler White Sox : LHP Jason Dean
Batting: LHB Pedro Díaz 0-0: Foul Ball, location: 2F
0-1: Foul Ball, location: 2F
0-2: Ground out 5-3 (Groundball, 56)
Batting: RHB Matt Dickson 0-0: Fly out, F7 (Line Drive, 78M)
Batting: SHB Jeremy Holmes 0-0: Ground out 1-3 (Groundball, 13S)
Top of the 5th over - 0 runs, 0 hits, 0 errors, 0 left on base; Rio Grande 5 - Butler 0
BOTTOM OF THE 5TH
Butler White Sox batting - Pitching for Rio Grande Rattlesnake : RHP Alejandro Guzmán
Batting: RHB José Darias 0-0: Ball
1-0: Called Strike
1-1: SINGLE (Flyball, 9S)
Batting: RHB Raúl Ruíz 0-0: Foul Ball, location: 2F
0-1: Fly out, F8 (Flyball, 8RM)
Batting: RHB Luis Fuentes 0-0: Called Strike
0-1: Ball
1-1: Grounds into double play, 6-4-3 (Groundball, 6)
Bottom of the 5th over - 0 runs, 1 hit, 0 errors, 0 left on base; Rio Grande 5 - Butler 0
TOP OF THE 6TH
Rio Grande Rattlesnake batting - Pitching for Butler White Sox : LHP Jason Dean
Batting: SHB Arnold Moore 0-0: Ball
1-0: Called Strike
1-1: Ball
2-1: Ball
3-1: Foul Ball, location: 2F
3-2: Base on Balls
Batting: RHB David Suarze 0-0: Called Strike
0-1: Ball
1-1: Ball
2-1: Swinging Strike
2-2: Ball
3-2: DOUBLE (Line Drive, 7D)
Arnold Moore to third
Pitching: RHP Armando Rodríguez
Batting: LHB Justin Holland 0-0: Foul Ball, location: 2F
0-1: Foul Ball, location: 2F
0-2: Ground out 6-3 (Groundball, 6)
Batting: RHB Jaime Delgado 0-0: Called Strike
0-1: Swinging Strike
0-2: Ball
1-2: Ball
2-2: Strikes out swinging
Batting: RHB Gary Thomas 0-0: Called Strike
0-1: Swinging Strike
0-2: Ball
1-2: DOUBLE (Flyball, 8LXD)
Arnold Moore scores
David Suarze scores
Batting: RHB Alejandro Ramos 0-0: SINGLE (Line Drive, 8LS)
Gary Thomas to third
Batting: LHB Pedro Díaz 0-0: Ball
1-0: Fly out, F9 (Flyball, 89S)
Top of the 6th over - 2 runs, 3 hits, 0 errors, 2 left on base; Rio Grande 7 - Butler 0
BOTTOM OF THE 6TH
Butler White Sox batting - Pitching for Rio Grande Rattlesnake : RHP Alejandro Guzmán
Batting: RHB Jerry Moore 0-0: Ball
1-0: Ball
2-0: Ball
3-0: Called Strike
3-1: Base on Balls
Batting: SHB Ben Marks 0-0: Ball
1-0: Ball
Jerry Moore steals 2nd base
2-0: Foul Ball, location: 2F
2-1: SINGLE (Groundball, 6MD)
Jerry Moore to third
Runner from 3rd tries for Home, SAFE, no throw
Batting: RHB Bobby Murdock 0-0: Foul Ball, location: 2F
0-1: Foul Ball, location: 2F
0-2: Ball
1-2: Ball
2-2: Grounds into double play, 1-6-3 (Groundball, P)
Batting: LHB Josh Pérez 0-0: Called Strike
0-1: Foul Ball, location: 2F
0-2: Ball
1-2: Strikes out swinging
Bottom of the 6th over - 1 run, 1 hit, 0 errors, 0 left on base; Rio Grande 7 - Butler 1
TOP OF THE 7TH
Rio Grande Rattlesnake batting - Pitching for Butler White Sox : RHP Armando Rodríguez
Batting: RHB Matt Dickson 0-0: Called Strike
0-1: Swinging Strike
0-2: Strikes out swinging
Batting: SHB Jeremy Holmes 0-0: Ball
1-0: Called Strike
1-1: Ground out 1-3 (Groundball, 15S)
Batting: SHB Arnold Moore 0-0: Ground out U3 (Groundball, 3)
Top of the 7th over - 0 runs, 0 hits, 0 errors, 0 left on base; Rio Grande 7 - Butler 1
BOTTOM OF THE 7TH
Butler White Sox batting - Pitching for Rio Grande Rattlesnake : RHP Alejandro Guzmán
Pitching: RHP Nelson Britt
Batting: RHB Ángel Serrano 0-0: Ball
1-0: Called Strike
1-1: Ball
2-1: Foul Ball, location: 2F
2-2: Foul Ball, location: 2F
2-2: Ball
3-2: Ground out 6-3 (Groundball, 6)
Batting: LHB Sam Haynes 0-0: Foul Ball, location: 2F
0-1: Foul Ball, location: 2F
0-2: Ball
1-2: Ball
2-2: Foul Ball, location: 2F
2-2: Ball
3-2: Base on Balls
Batting: RHB José Darias 0-0: Called Strike
0-1: Ball
1-1: Foul Ball, location: 2F
1-2: Fly out, F7 (Flyball, 7D)
Batting: RHB Raúl Ruíz 0-0: Called Strike
0-1: Ball
1-1: Foul Ball, location: 2F
1-2: Strikes out swinging
Bottom of the 7th over - 0 runs, 0 hits, 0 errors, 1 left on base; Rio Grande 7 - Butler 1
TOP OF THE 8TH
Rio Grande Rattlesnake batting - Pitching for Butler White Sox : RHP Armando Rodríguez
Batting: RHB David Suarze 0-0: Called Strike
0-1: Ball
1-1: Ball
2-1: Called Strike
2-2: Ball
3-2: Base on Balls
Batting: LHB Justin Holland 0-0: Fly out, F8 (Flyball, 8LM)
Batting: RHB Jaime Delgado 0-0: Ball
1-0: Ball
2-0: Foul Ball, location: 2F
2-1: Foul Ball, location: 2F
2-2: Fly out, F8 (Flyball, 8LD)
Batting: RHB Gary Thomas 0-0: Ball
1-0: Fielders Choice at 2nd, U6 (Groundball, 6M)
Top of the 8th over - 0 runs, 0 hits, 0 errors, 1 left on base; Rio Grande 7 - Butler 1
BOTTOM OF THE 8TH
Butler White Sox batting - Pitching for Rio Grande Rattlesnake : RHP Nelson Britt
Batting: RHB Luis Fuentes 0-0: SINGLE (Flyball, 7LS)
Batting: RHB Jerry Moore 0-0: Ball
1-0: Ball
Wild Pitch!
Luis Fuentes to second
2-0: Swinging Strike
2-1: Ball
3-1: Called Strike
3-2: Foul Ball, location: 2F
3-2: Foul Ball, location: 2F
3-2: Base on Balls
Batting: SHB Ben Marks 0-0: Swinging Strike
0-1: Swinging Strike
0-2: Ball
1-2: Ball
2-2: Strikes out swinging
Batting: RHB Bobby Murdock 0-0: Ball
1-0: Ball
2-0: Called Strike
2-1: Foul Ball, location: 2F
2-2: Foul Ball, location: 2F
2-2: Foul Ball, location: 2F
2-2: Foul Ball, location: 2F
2-2: Foul Ball, location: 2F
2-2: Grounds into double play, 6-4-3 (Groundball, 6)
Bottom of the 8th over - 0 runs, 1 hit, 0 errors, 1 left on base; Rio Grande 7 - Butler 1
TOP OF THE 9TH
Rio Grande Rattlesnake batting - Pitching for Butler White Sox : RHP Armando Rodríguez
Batting: RHB Alejandro Ramos 0-0: Fly out, F8 (Flyball, 8RS)
Batting: LHB Pedro Díaz 0-0: Called Strike
0-1: Ball
1-1: Ball
2-1: Ground out 4-3 (Groundball, 4)
Batting: RHB Matt Dickson 0-0: Ball
1-0: Called Strike
1-1: Ball
2-1: Ball
3-1: Base on Balls
Batting: SHB Jeremy Holmes 0-0: Ball
1-0: Ball
2-0: Called Strike
2-1: Foul Ball, location: 2F
2-2: Ball
3-2: Base on Balls
Matt Dickson to second
Batting: SHB Arnold Moore 0-0: Foul Ball, location: 2F
0-1: Called Strike
0-2: Ball
1-2: Strikes out swinging
Top of the 9th over - 0 runs, 0 hits, 0 errors, 2 left on base; Rio Grande 7 - Butler 1
BOTTOM OF THE 9TH
Butler White Sox batting - Pitching for Rio Grande Rattlesnake : RHP Nelson Britt
Pitching: LHP Miguel Guerra
Now at 1B: Cristián Román
Batting: LHB Josh Pérez 0-0: Ground out U3 (Groundball, 3L)
Batting: RHB Ángel Serrano 0-0: Ball
1-0: Ball
2-0: Ball
3-0: Called Strike
3-1: Called Strike
3-2: Base on Balls
Batting: LHB Sam Haynes 0-0: Called Strike
0-1: Called Strike
0-2: Ball
1-2: Strikes out swinging
Batting: RHB José Darias 0-0: Called Strike
0-1: Swinging Strike
0-2: Ball
1-2: 2-RUN HOME RUN (Flyball, 7D), Distance : 357 ft
Batting: RHB Raúl Ruíz 0-0: Foul Ball, location: 2F
0-1: Ball
1-1: Swinging Strike
1-2: SINGLE (Groundball, 34D)
Pitching: RHP Adrián Mora
Batting: RHB Luis Fuentes 0-0: Ball
1-0: Foul Ball, location: 2F
1-1: Swinging Strike
1-2: Strikes out swinging
Bottom of the 9th over - 2 runs, 2 hits, 0 errors, 1 left on base; Rio Grande 7 - Butler 3
Saturday, December 16th, 2017 - OOTP Baseball 18.8 Build 76